 Dungeon Crawl Stone Soup version 0.28-a0-730-g892d06dc2c (webtiles) character file.

Game seed: 2160154704199242154

23 sanka the Chopper (level 2, 0/25 HPs)
             Began as a Palentonga Abyssal Knight on Oct 28, 2021.
             Was a Follower of Lugonu.
             Slain by a goblin (5 damage)
             ... led by Robin
             ... on level 2 of the Dungeon.
             The game lasted 00:01:33 (1136 turns).

sanka the Chopper (Palentonga Abyssal Knight)       Turns: 1136, Time: 00:01:33

Health: 0/25       AC:  4    Str: 16    XL:     2   Next: 72%
Magic:  3/3        EV:  9    Int: 10    God:    Lugonu [*.....]
Gold:   46         SH:  0    Dex: 10    Spells: 1/1 levels left

rFire   . . .      SeeInvis +   a - +1 hand axe
rCold   . . .      Faith    .   (no shield)
rNeg    . . .      Spirit   .   b - +0 leather armour
rPois   .          Reflect  .   (no helmet)
rElec   .          Harm     .   (no cloak)
rCorr   .          Rampage  .   (no gloves)
Will    .....                   (no barding)
Stlth   +.........              (no amulet)
HPRegen 0.08/turn               (no ring)
MPRegen 0.08/turn               (no ring)

@: no status effects
A: large, rugged brown scales 3, see invisible, deformed body, roll 1, armoured
tail
a: Rolling Charge, Renounce Religion, Depart the Abyss


You were on level 2 of the Dungeon.
You worshipped Lugonu.
Lugonu was aware of your devotion.
You visited 1 branch of the dungeon, and saw 2 of its levels.
You visited the Abyss 1 time.

You collected 46 gold pieces.


Innate Abilities, Weirdness & Mutations

You are completely covered in rugged brown scales. (AC +3, +7% HP)
You have supernaturally acute eyesight. (SInv)
Armour fits poorly on your strangely shaped body.
You can roll at nearby foes to attack.
You have a long armoured tail.


   Skills:
 - Level 3.0 Fighting
 + Level 3.3 Axes
 - Level 1.5 Armour
 - Level 0.7 Dodging
 - Level 2.0 Invocations


You had one spell level left.
You didn't know any spells.
Your spell library was empty.

Inventory:

Hand Weapons
 a - a +1 hand axe (weapon)
Missiles
 c - 8 poisoned darts
 e - a throwing net {=f}
Armour
 b - a +0 leather armour (worn)
Magical Staves
 h - a staff of poison
Scrolls
 g - 3 scrolls of identify {unknown}
Potions
 d - 2 potions of invisibility {unknown}
 f - a potion of curing {unknown}

Dungeon Overview and Level Annotations

Branches:
Dungeon (2/15)

Altars:

Annotations:
D:2 1 runed translucent door, Crazy Yiuf, Robin

▒...▒ ▒▒.g▒
▒▒▒▒▒▒..▒▒▒▒▒▒▒▒▒▒
.......g..........
▒▒▒▒▒▒▒...▒▒▒▒▒▒▒▒
▒▒▒▒▒▒▒▒.g.▒
▒......g...▒
▒........▒)▒▒
▒......Hg▒))▒
▒▒▒▒▒▒▒▒.▒..▒▒
▒.▒▒..▒ ▒.▒▒..▒▒▒▒
▒........▒
▒▒▒▒▒..▒.▒ ▒▒.▒.▒
▒...▒ ▒▒▒▒▒▒▒..▒


You could see Robin, a hobgoblin (strong) and 3 goblins.


Message History

Lugonu accepts your kill.
You hit the goblin.
You kill the goblin!
Lugonu accepts your kill.
Things that are here:
a +0 dagger; a goblin corpse Robin says, "Kneel, worm!"
The hobgoblin no longer looks unusually strong.
Robin roars a battlecry!
The goblins go into a battle-frenzy!
The goblin no longer looks unusually strong.
Robin points. "Kill!"
Robin roars a battlecry!
The goblin goes into a battle-frenzy!
There is a stone staircase leading down here.
The hobgoblin no longer looks unusually strong.
Robin roars a battlecry!
The hobgoblin goes into a battle-frenzy!
Robin throws the goblin at you!
* * * LOW HITPOINT WARNING * * *
You hit the goblin.
The goblin is severely wounded.
The goblin hits you with a +0 club.
* * * LOW HITPOINT WARNING * * *
The goblin barely misses you.
You barely miss the goblin.
The goblin is severely wounded.
The goblin hits you but does no damage. The goblin hits you with a +0 club.
You die...

Action                   || total
-------------------------++-------
Melee: Hand axe          ||    49
       Tailslap          ||     6
Armor: Leather armour    ||    21
Dodge: Dodged            ||    18

Levels and vault maps discovered:
D:1:      wander_arrival_peaceful_grave, layout_basic,
          hellmonk_ecumenical_altar_leap_of_faith
D:2:      layout_basic, lightli_corner_chamber, uniq_robin,
          uniq_crazy_yiuf_cottage

Notes
Turn   | Place    | Note
-------+----------+-------------------------------------------
     0 | Abyss:1  | sanka the Palentonga Abyssal Knight began the quest for the
                  | Orb.
     0 | Abyss:1  | Reached XP level 1. HP: 19/19 MP: 2/2
     8 | D:1      | Escaped the Abyss
   191 | D:1      | Found a faded altar of an unknown god.
   666 | D:1      | Reached XP level 2. HP: 21/25 MP: 3/3
   972 | D:2      | Reached skill level 3 in Axes
  1032 | D:2      | Found a runed translucent door.
  1033 | D:2      | Noticed Crazy Yiuf
  1087 | D:2      | Noticed Robin
  1136 | D:2      | Slain by a goblin

Vanquished Creatures
  A dart slug (D:1)
  A ball python (D:2)
  7 goblins
  A hobgoblin (D:1)
  2 bats
  A frilled lizard (D:2)
  4 kobolds (D:2)
  3 rats (D:1)
20 creatures vanquished.
